 Dungeon Crawl Stone Soup version 0.31-a0-1540-g5a0b83f448 (webtiles) character file.

Game seed: 11068710496396135120

651 Atlas the Firebug (level 7, 0/84 HPs)
             Began as a Naga Fire Elementalist on Jan 2, 2024.
             Was an Initiate of Cheibriados.
             Slain by a river rat (1 damage)
             ... summoned by Eustachio
             ... on level 5 of the Dungeon.
             The game lasted 00:07:57 (5086 turns).

Atlas the Firebug (Naga Fire Elementalist)          Turns: 5086, Time: 00:07:57

Health: 0/84       AC: 12    Str: 10    XL:     7   Next: 53%
Magic:  14/14      EV:  8    Int: 22    God:    Cheibriados [......]
Gold:   317        SH:  0    Dex: 12    Spells: 11/14 levels left

rFire   . . .        p - +0 falchion (elec)
rCold   . . .        (no shield)
rNeg    . . .        h - +0 ring mail
rPois   +            j - +0 hat
rElec   .            (no cloak)
rCorr   .            n - +0 pair of gloves
SInv    +            (no barding)
Will    .....        (no amulet) Stlth
                     g - +4 ring of protection
HPRegen 0.34/turn    u - ring of wizardry
MPRegen 0.14/turn

%: wizardry (x1)
@: berserking, very slow
A: AC +2, large, see invisible, deformed body, poison resistance, slowness 2,
spit poison 1, naga tail 1, iridescent scales 1, clever 1, high MP 1
a: Spit Poison, Renounce Religion


You were on level 5 of the Dungeon.
You worshipped Cheibriados.
Cheibriados was noncommittal.
You visited 2 branches of the dungeon, and saw 6 of its levels.

You collected 317 gold pieces.

Inventory:

Hand Weapons
 i - a +2 dagger of pain
 p - a +0 falchion of electrocution (weapon)
Armour
 h - a +0 ring mail (worn)
 j - a +0 hat (worn)
 n - a +0 pair of gloves (worn)
Jewellery
 a - a ring of protection from fire
 g - a +4 ring of protection (left hand)
 u - a ring of wizardry (right hand)
Scrolls
 c - a scroll of teleportation {unknown}
 d - 2 scrolls of poison {unknown}
 e - 2 scrolls of identify {unknown}
 k - a scroll of torment {unknown}
 r - 2 scrolls of fear {unknown}
 s - a scroll of immolation {unknown}
 t - a scroll of noise {unknown}
Potions
 b - a potion of magic
 f - 2 potions of mutation
 q - a potion of brilliance {unknown}


   Skills:
 + Level 0.5 Fighting
 + Level 0.3(0.5) Short Blades
 + Level 0.5(0.6) Long Blades
 + Level 2.0 Armour
 + Level 2.0 Dodging
 + Level 3.5 Stealth
 + Level 0.1 Unarmed Combat
 + Level 4.2 Spellcasting
 + Level 2.3 Conjurations
 + Level 5.9 Fire Magic


You had 11 spell levels left.
You knew the following spells:

 Your Spells              Type           Power      Damage    Failure   Level
a - Scorch                Fire           60%        2d7       1%          2
b - Foxfire               Conj/Fire      88%        2x1d8     1%          1

Your spell library contained the following spells:

 Spells                   Type           Power      Damage    Failure   Level
 Magic Dart               Conj           60%        1d6       4%          1
 Searing Ray              Conj           30%        2d5       6%          2
 Inner Flame              Hex/Fire       17%        N/A       10%         3
 Volatile Blastmotes      Fire/Tloc      34%        2d12      10%         3
 Summon Small Mammal      Summ           16%        N/A       12%         1
 Lesser Beckoning         Tloc           8%         N/A       16%         2
 Flame Wave               Conj/Fire      22%        2d8       21%         4
 Call Canine Familiar     Summ           4%         N/A       32%         3
 Gell's Gravitas          Tloc           4%         N/A       32%         3
 Teleport Other           Tloc           4%         N/A       32%         3
 Summon Blazeheart Golem  Fire/Summ      17%        N/A       32%         4
 Fulminant Prism          Conj/Alch      4%         3d5       52%         4
 Starburst                Conj/Fire      11%        6d5       95%         6
 Plasma Beam              Fire/Air       8%         2x1d19    99%         6


Dungeon Overview and Level Annotations

Branches:
Dungeon (5/15)             Temple (1/1) D:4

Altars:
Ashenzari
Cheibriados
Dithmenos
Elyvilon
Fedhas
Gozag
Hepliaklqana
Nemelex Xobeh
Okawaru
Qazlal
Ru
Sif Muna
Trog
Uskayaw
Vehumet
Wu Jian
Yredelemnul
The Shining One

Annotations:
D:5 Eustachio


Innate Abilities, Weirdness & Mutations

Your serpentine skin is tough. (AC +2)
You have supernaturally acute eyesight. (SInv)
Armour fits poorly on your strangely shaped body.
Your system is resistant to poisons. (rPois)
You cover ground very slowly.
You can spit poison.
You have a snake-like lower body.
You are partially covered in iridescent scales. (AC +2)
Your mind is acute. (Int +4, Str/Dex -1)
You have an increased reservoir of magic. (+10% MP)


Message History

You miss Eustachio.
Eustachio is heavily wounded.
The bat hits you but does no damage. The bat completely misses you.
The bat hits you but does no damage. The river rat bites you.
* * * LOW HITPOINT WARNING * * *
Eustachio hits you but does no damage. The bat hits you but does no damage.
Aiming: Spit Poison (1% risk of failure)
Press: ? - help, Shift-Dir - straight line, f - Eustachio
Aim: Eustachio, wielding a +0 rapier and wearing a +0 leather armour (heavily wounded, 45% to hit)
The splash of poison hits Eustachio.
Eustachio is poisoned.
Eustachio is heavily wounded.
The bat hits you but does no damage. The bat closely misses you.
The bat hits you.
* * * LOW HITPOINT WARNING * * *
The river rat bites you but does no damage.
Eustachio hits you but does no damage.
Unknown command.
You completely miss Eustachio.
Eustachio is heavily wounded.
The bat hits you but does no damage.
The river rat bites you but does no damage.
Eustachio completely misses you. The bat hits you but does no damage.
The river rat bites you.
* * * LOW HITPOINT WARNING * * *
It was a potion of cancellation.
Your magical effects are unravelling.
You feel magically purged.
You feel a little less mighty now. The bat barely misses you.
Eustachio hits you but does no damage. The bat barely misses you.
The river rat barely misses you.
It was a potion of berserk rage.
A red film seems to cover your vision as you go berserk!
Cheibriados protects you from inadvertent hurry.
You feel mighty!
You have got your breath back.
The bat closely misses you. The bat completely misses you.
Eustachio hits you with a +0 rapier.
* * * LOW HITPOINT WARNING * * *
The bat hits you but does no damage. The river rat bites you.
You die...

##>........#####.......###...###
##..>...##...#.#........#......#
........##............#.†......#
........###.##.###..####.......#
.........####..###...####.....##
........##..##.#.......##..####
.#..........##.##.###..#..##
###...##..........####.....##
#..##...##...b@r.##..÷....# ##.
##..##....@b..........# ..
#...#...............## ..
##.......#..........## ..
#......###..........#
.........##...#......##
..#......#...###......# .
#..##.....#####.....# ..#
###...##.#....###


You could see Eustachio (poisoned), a river rat (summoned) and 2 bats.

Vanquished Creatures
  An ogre (D:5)
  A black bear (D:4)
  A phantom (D:5)
  A bombardier beetle (D:4)
  2 hounds
  4 orc priests
  An orc wizard (D:4)
  8 adders
  2 ribbon worms (D:2)
  4 orcs
  6 ball pythons
  2 bats
  11 endoplasms
  A giant cockroach (D:3)
  8 hobgoblins
  8 jackals
  4 kobolds
  4 quokkas
  16 goblins
  5 rats
90 creatures vanquished.

Vanquished Creatures (others)
  149 foxfires
149 creatures vanquished.

Grand Total: 239 creatures vanquished

Notes
Turn   | Place    | Note
-------+----------+-------------------------------------------
     0 | D:1      | Atlas the Naga Fire Elementalist began the quest for the
                  | Orb.
     0 | D:1      | Reached XP level 1. HP: 15/15 MP: 3/3
    79 | D:1      | Reached XP level 2. HP: 9/22 MP: 1/5
   935 | D:2      | Reached XP level 3. HP: 28/28 MP: 6/6
  1178 | D:2      | Learned a level 2 spell: Scorch
  2004 | D:3      | Reached skill level 1 in Armour
  2004 | D:3      | Reached XP level 4. HP: 36/36 MP: 2/7
  2157 | D:3      | Found a stormy altar of Qazlal.
  2421 | D:3      | Found a shimmering blue altar of Sif Muna.
  2433 | D:3      | Found a shadowy altar of Dithmenos.
  3094 | D:3      | Reached skill level 4 in Fire Magic
  3094 | D:3      | Reached XP level 5. HP: 42/42 MP: 2/9
  3432 | D:4      | Reached XP level 6. HP: 33/50 MP: 0/10
  3518 | D:4      | Found an opulent altar of Gozag.
  3520 | D:4      | Noticed a black bear
  3607 | D:4      | Killed a black bear
  3608 | D:4      | Reached skill level 5 in Fire Magic
  4413 | D:4      | Reached XP level 7. HP: 43/56 MP: 9/12
  4537 | D:4      | Found a staircase to the Ecumenical Temple.
  4574 | Temple   | Entered the Ecumenical Temple
  4615 | Temple   | Became a worshipper of Cheibriados the Contemplative
  4725 | D:5      | Entered Level 5 of the Dungeon
  5021 | D:5      | Noticed Eustachio
  5073 | D:5      | Gained mutation: You have an increased reservoir of magic.
                  | (+10% MP) [potion of mutation]
  5073 | D:5      | Gained mutation: You are partially covered in iridescent
                  | scales. (AC +2) [potion of mutation]
  5073 | D:5      | Gained mutation: Your mind is acute. (Int +4, Str/Dex -1)
                  | [potion of mutation]
  5086 | D:5      | HP: 1/84 [Eustachio/+0 rapier (5)]
  5086 | D:5      | Slain by a river rat

Illustrated notes

Levels and vault maps discovered:
D:1:      sevenhm_arrival_forest_fort_small_6, layout_loops_ring,
          dreamdust_princess_corridor
D:2:      layout_basic, minmay_pentomino_u4
D:3:      layout_loops_corners, overflow_temple_1_default,
          mainiacjoe_overflow_catch_the_wave
D:4:      cheibrodos_greedy_goblins, layout_loops_ring, lemuel_doored_altar,
          minmay_temple_entry_antechambers, kennysheep_generic_room_11
D:5:      layout_cave_pools, uniq_eustachio
Temple:   zaba_magenta_temple

Skill      XL: |  1  2  3  4  5  6  7 |
---------------+----------------------+-----
Armour         | 1 2 |  2.0
Fire Magic     | 4 5 |  5.9
Spellcasting   | 3 4 |  4.2
Conjurations   | 2 |  2.3
Dodging        | 2 |  2.0
Fighting       | |  0.5
Short Blades   | |  0.3
Long Blades    | |  0.5
Stealth        | |  3.5
Unarmed Combat | |  0.1

Action                     |  1- 3 |  4- 6 |  7- 9 || total
---------------------------+-------+-------+-------++-------
  Melee: Unarmed           |    25 |       |       ||    25
         Dagger            |    36 |    10 |       ||    46
         Falchion          |       |    20 |    43 ||    63
         Punch             |       |     1 |     1 ||     2
   Cast: Foxfire           |    37 |    33 |    25 ||    95
         Scorch            |    15 |    31 |     1 ||    47
Ability: Spit Poison       |    15 |     8 |     1 ||    24
    Use: Potion            |       |     2 |     4 ||     6
 Armour: Robe              |    11 |       |       ||    11
         Ring mail         |    44 |    61 |    79 ||   184
  Dodge: Dodged            |    35 |    24 |    50 ||   109

Table legend: (Time is in decaauts)
 A = Elapsed time spent in this place.
 B = Non-inter-level travel time spent in this place.
 C = Inter-level travel time spent in this place.
 D = Time resting spent in this place.
 E = Time spent auto-exploring this place.
 F = Levels seen in this place.
 G = Mean time per level.
                   A        B        C        D        E       F      G
               +--------+--------+--------+--------+--------+-----+--------+
         Total |   6320 |   5975 |    345 |    193 |   5037 |   6 | 1053.3 |
       Dungeon |   6243 |   5962 |    281 |    193 |   5027 |   5 | 1248.6 |
        Temple |     76 |     12 |     64 |      0 |     10 |   1 |   76.0 |
               +--------+--------+--------+--------+--------+-----+--------+

Top non-repeatable levels by time:
     D:3: 1834 daAuts
     D:4: 1475 daAuts
     D:2: 1336 daAuts
     D:1: 1118 daAuts
     D:5: 480 daAuts
  Temple: 76 daAuts
